 Dungeon Crawl Stone Soup version 0.17.0-73-gb648821 (webtiles) character file.

61 tof the Shooter (level 3, -1/24 HPs)
             Began as a High Elf Hunter on Dec 10, 2015.
             Slain by an adder (2 damage)
             ... on level 2 of the Dungeon.
             The game lasted 00:12:37 (955 turns).

tof the Shooter (High Elf Hunter)                    Turns: 955, Time: 00:12:37

Health: -1/24      AC:  3    Str: 11    XL:     3   Next: 83%
Magic:  4/4        EV: 12    Int: 15    God:
Gold:   21         SH:  0    Dex: 16    Spells: 0 memorised, 2 levels left

rFire  . . .     SeeInvis .     a - +1 shortbow
rCold  . . .     Clarity  .     c - +0 leather armour
rNeg   . . .     SustAt   +     (shield currently unavailable)
rPois  .         Gourm    .     (no helmet)
rElec  .         Spirit   .     (no cloak)
rCorr  .         Warding  .     (no gloves)
rMut   .         Stasis   .     (no boots)
MR     .....                    (no amulet)
Stlth  ++........               q - ring of sustain attributes
                                j - ring of sustain attributes

@: lethally poisoned (-1 -> -23), not resistant to hostile enchantments,
unstealthy
A: no striking features
a: no special abilities


You were on level 2 of the Dungeon.
You were not hungry.

You visited 1 branch of the dungeon, and saw 2 of its levels.

You collected 21 gold pieces.

Inventory:

Hand Weapons
 a - a +1 shortbow (weapon)
 b - a +0 short sword
 l - a +3 short sword
 o - a +4 dagger
Missiles
 d - 21 arrows (quivered)
Armour
 c - a +0 leather armour (worn)
Jewellery
 j - a ring of sustain attributes (left hand)
 q - a ring of sustain attributes (right hand)
Scrolls
 i - 2 scrolls of identify
 n - a scroll of teleportation {unknown}
Potions
 f - a potion of agility {unknown}
 h - 2 potions of heal wounds
 k - a potion of curing {unknown}
 m - 2 potions of cure mutation {unknown}
Books
 r - a book of Alchemy

   Spells                             Type                      Level
   a - Sublimation of Blood           Necromancy                   2
   b - Ignite Poison                  Fire/Transmutation/Poison    3
   c - Alistair's Intoxication        Transmutation/Poison         4
   d - Condensation Shield            Ice                          4
   e - Petrify                        Transmutation/Earth          4
   f - Irradiate                      Conjuration/Transmutation    5
Comestibles
 e - 4 bread rations
 p - 2 fruits


   Skills:
 + Level 2.0 Fighting
 + Level 7.0 Bows
 + Level 0.5 Armour
 + Level 2.3 Dodging
 + Level 1.1 Stealth


You had 2 spell levels left.
You didn't know any spells.

Dungeon Overview and Level Annotations

Branches:
Dungeon (2/15)

Altars:

Annotations:
D:2 Sigmund


Message History

Firing (i - inventory):
d - 22 arrows (quivered)
Press: ? - help, Shift-Dir - straight line, f/p - adder
Aim: an adder You shoot an arrow.
The arrow hits the adder but does no damage.
You feel sick. The adder barely misses you.
The hobgoblin hits you but does no damage.
Something hits you!
* * * LOW HITPOINT WARNING * * *
You are more poisoned.
Read which item? (? for menu, Esc to quit)
As you read the scroll labeled BIUREH ALAQUGE, it crumbles to dust.
It is a scroll of identify.
Identify which item? (\ to view known items) (? for menu, Esc to quit)
h - 2 potions of heal wounds
* * * LOW HITPOINT WARNING * * *
You feel sick. The adder completely misses you. The hobgoblin hits you.
* * * LOW HITPOINT WARNING * * *
The adder bites you.
You die...

......(.....####
............... .
#..........(.. #.
#####...........
#..###............###.
##.)..................
....................#
(.(..%.......g..###...
(...######.#.S@#### #
#†.......# #........#
#........##
##...†....###
#..........#
#.......##...
###.##### ###
##########.########


You could see an adder and a hobgoblin.

Vanquished Creatures
  An adder (D:2)
  A gnoll (D:1)
  2 giant geckos (D:1)
  4 bats (D:1)
  6 giant cockroaches
  8 goblins
  2 hobgoblins (D:1)
  A ball python (D:2)
  2 giant newts (D:1)
  2 jackals (D:1)
  7 kobolds (D:1)
  2 rats (D:1)
38 creatures vanquished.

Notes
Turn   | Place    | Note
--------------------------------------------------------------
     0 | D:1      | tof the High Elf Hunter began the quest for the Orb.
     0 | D:1      | Reached XP level 1. HP: 14/14 MP: 2/2
    94 | D:1      | Reached XP level 2. HP: 17/19 MP: 3/3
   144 | D:1      | Reached skill level 6 in Bows
   367 | D:1      | Reached XP level 3. HP: 24/24 MP: 4/4
   902 | D:2      | Reached skill level 7 in Bows
   936 | D:2      | Noticed Sigmund
   955 | D:2      | HP: 1/24 [hobgoblin (1)]
   955 | D:2      | Slain by an adder

Action                   || total
-------------------------++-------
 Fire: Shortbow          ||   103
  Use: Scroll            ||     1
